 Dungeon Crawl Stone Soup version 0.26.1-11-gd32895ea62 (webtiles) character file.

Game seed: 11964326616995994623

108 Arcadio the Grave Robber (level 4, -3/33 HPs)
             Began as a Hill Orc Necromancer on May 21, 2021.
             Slain by a killer bee zombie (6 damage)
             ... on level 6 of the Dungeon.
             The game lasted 00:07:08 (4420 turns).

Arcadio the Grave Robber (Hill Orc Necromancer)     Turns: 4420, Time: 00:07:08

Health: -3/33      AC:  2    Str: 10    XL:     4   Next: 87%
Magic:  6/6        EV: 13    Int: 16    God:
Gold:   130        SH:  0    Dex: 11    Spells: 1/6 levels left

rFire    . . .     SeeInvis .   d - +0 dagger
rCold    . . .     Faith    .   (no shield)
rNeg     . . .     Spirit   .   a - +0 robe
rPois    .         Reflect  .   (no helmet)
rElec    .         Harm     .   (no cloak)
rCorr    .         Rampage  .   (no gloves)
Will     .....                  (no boots)
Stlth    ++........             (no amulet)
HPRegen  0.11/turn              (no ring)
MPRegen  0.10/turn              (no ring)

@: no status effects
A: no striking features
a: no special abilities


You were on level 6 of the Dungeon.
You visited 1 branch of the dungeon, and saw 4 of its levels.

You collected 130 gold pieces.

Inventory:

Hand Weapons
 d - a +0 dagger (weapon)
Armour
 a - a +0 robe (worn)
Wands
 j - a wand of iceblast (11) (quivered)
Scrolls
 f - 2 scrolls of remove curse
 h - a scroll of teleportation {unknown}
Potions
 b - 5 potions of heal wounds
 c - a potion of brilliance {unknown}
 e - a potion of curing {unknown}
 i - a potion of mutation {unknown}


   Skills:
 + Level 3.0 Dodging
 - Level 1.5 Stealth
 - Level 1.5 Spellcasting
 + Level 5.1 Necromancy


You had one spell level left.
You knew the following spells:

 Your Spells              Type           Power        Failure   Level
a - Pain                  Necr           68%          2%          1
b - Animate Skeleton      Necr           34%          2%          1
c - Vampiric Draining     Necr           8%           8%          3

Your spell library contained the following spells:

 Spells                   Type           Power        Failure   Level
 Animate Dead             Necr           8%           26%         4
 Agony                    Necr           17%          58%         5


Dungeon Overview and Level Annotations

Branches:
Dungeon (3/15)

Altars:
Ashenzari
Okawaru
Yredelemnul


Message History

The orc wizard gestures wildly while chanting.
The orc wizard blinks!
As you read the scroll labelled NEMMIDW YTUI, it crumbles to dust.
You assume a fearsome visage.
The orc wizard looks frightened!
The bullfrog looks frightened!
The killer bee zombie is unaffected.
The quokka looks frightened!
It was a scroll of fear.
The orc wizard gestures wildly while chanting.
The orc wizard blinks!
The killer bee zombie hits you.
* * * LOW HITPOINT WARNING * * *
The killer bee zombie hits you but does no damage.
Press: ? - help, v - describe, . - travel
Here: a killer bee zombie The floor.
You hit the killer bee zombie.
The killer bee zombie is lightly damaged.
The killer bee zombie hits you.
* * * LOW HITPOINT WARNING * * *
The killer bee zombie hits you.
You die...

#............#.#.#..#
##..#.#.#.#.#ยง......##
#.............#.#.#.#
#..#.#.#.#.........#
#............#.#.#.#
#.#.#.#.#.........#
##.................
..##..#.#.#o#.###.....
.......@Z.....# ....
.......######## ..
...#### .


You could see an orc wizard (fast) and a killer bee zombie.

Vanquished Creatures
  An orc wizard (D:3)
  Robin (D:2)
  2 adders (D:2)
  A dart slug (D:1)
  A leopard gecko (D:2)
  An orc (D:2)
  2 giant cockroaches
  12 goblins
  9 hobgoblins
  A quokka (D:2)
  2 bats
  2 frilled lizards (D:2)
  5 kobolds
  6 rats
46 creatures vanquished.

Vanquished Creatures (collateral kills)
  A goblin (D:2)
1 creature vanquished.

Vanquished Creatures (others)
  6 plants (D:1)
6 creatures vanquished.

Grand Total: 53 creatures vanquished

Notes
Turn   | Place    | Note
-------+----------+-------------------------------------------
     0 | D:1      | Arcadio the Hill Orc Necromancer began the quest for the
                  | Orb.
     0 | D:1      | Reached XP level 1. HP: 14/14 MP: 3/3
     2 | D:1      | Learned a level 1 spell: Animate Skeleton
   215 | D:1      | Reached XP level 2. HP: 16/20 MP: 0/4
  1270 | D:2      | Reached XP level 3. HP: 21/26 MP: 0/5
  1465 | D:2      | Found an iron altar of Okawaru.
  1624 | D:2      | Found a broken altar of Ashenzari.
  1899 | D:2      | Noticed Robin
  1981 | D:2      | Killed Robin
  2584 | D:2      | Reached XP level 4. HP: 29/33 MP: 2/6
  4011 | D:3      | Reached skill level 5 in Necromancy
  4348 | D:3      | Learned a level 3 spell: Vampiric Draining
  4398 | D:3      | You fall into a shaft and drop 3 floors!
  4403 | D:6      | Found a basalt altar of Yredelemnul.
  4403 | D:6      | Noticed a phantom
  4410 | D:6      | Noticed a bullfrog
  4420 | D:6      | Slain by a killer bee zombie

Illustrated notes

Levels and vault maps discovered:
D:1:      lemuel_arrival_hallway, layout_rooms, serial_bayou,
          serial_bayou_pond_e, serial_bayou_shore_a, serial_bayou_pond_e,
          serial_bayou_pond_a, corexii_hall_statues_t, serial_bayou_crossing
D:2:      layout_loops_ring, ashenzari_conservatory_becter, lemuel_round_altar,
          uniq_robin
D:3:      layout_basic
D:6:      layout_cave_pods, nzn_hepliaklqana_mist_gate,
          yredelemnul_altar_generic, nicolae_overflow_crystal_walls,
          minmay_temple_entry_glass, serial_glass, glass_columns_b,
          glass_columns_c, glass_columns_a, glass_columns_a, glass_columns_b,
          glass_columns_b, glass_columns_c, glass_columns_a, glass_columns_b,
          glass_columns_b, minmay_strange_pillars, feat_on_display,
          nicolae_gozag_seed_capital, uniq_blork_the_orc, uniq_edmund,
          uniq_pikel

Skill      XL: |  1  2  3  4 |
---------------+-------------+-----
Dodging        | 2 3 |  3.0
Necromancy     | 5 |  5.1
Stealth        | |  1.5
Spellcasting   | |  1.5

Action                   |  1- 3 |  4- 6 || total
-------------------------+-------+-------++-------
Melee: Dagger            |     9 |     9 ||    18
 Cast: Pain              |    60 |    26 ||    86
       Animate Skeleton  |     2 |       ||     2
  Use: Scroll            |     1 |     2 ||     3
       Potion            |       |     1 ||     1
Armor: Robe              |     2 |     4 ||     6
Dodge: Dodged            |     9 |    27 ||    36
